 Dungeon Crawl Stone Soup version 0.31-a0-544-gceb718ecc6 (webtiles) character file.

Game seed: 16151321062927585009

2199 Ofeo the Grappler (level 9, -3/57 (59) HPs)
             Began as a Demonspawn Shapeshifter on Aug 15, 2023.
             Slain by a wight
             ... wielding a +3 dire flail of freezing
              (13 damage)
             ... on level 6 of the Dungeon.
             The game lasted 00:09:34 (7735 turns).

Ofeo the Grappler (Demonspawn Shapeshifter)         Turns: 7735, Time: 00:09:34

HP:   -3/57 (59)    AC: 11    Str: 24    XL:     9   Next: 12%
MP:   9/9           EV:  8    Int: 12    God:
Gold: 291           SH:  0    Dex: 11    Spells: 8/8 levels left

rFire   . .          .
                       - Unarmed
rCold   . . .        (shield currently unavailable)
rNeg    . . .        w - +0 plate armour
rPois   +            (no helmet)
rElec   .            (no cloak)
rCorr   .            (no gloves)
SInv    .            (no boots)
Will    .....        n - amulet of the acrobat Stlth
                     z - ring of poison resistance
HPRegen 0.29/turn    (no ring)
MPRegen 0.11/turn

%: acrobat
@: flux-form, glowing, lightly drained
A: glow, contaminating, claws 2, demonic guardian 2, sturdy frame 1, clever 1,
shaggy fur 1, strong 1
a: Begin Untransformation


You were on level 6 of the Dungeon.
You were something dangerously unstable.
You visited 1 branch of the dungeon, and saw 6 of its levels.
You also visited: Ossuary.

You collected 291 gold pieces.

Inventory:

Hand Weapons
 b - a +1 longbow
 v - a +3 quarterstaff of chaos
Armour
 a - a +0 animal skin
 w - a +0 plate armour (worn)
 x - a +0 helmet
 B - a +0 cloak
Jewellery
 n - an amulet of the acrobat (around neck)
 u - an amulet of reflection
 z - a ring of poison resistance (left claw)
Talismans
 c - a beast talisman
 d - a flux talisman (active)
Wands
 k - a wand of light (15)
 D - a wand of flame (12)
Scrolls
 e - a scroll of silence
 f - 3 scrolls of teleportation {@r3}
 i - a scroll of identify {@r1}
 o - 2 scrolls of immolation
 r - a scroll of blinking {@r4}
 s - a scroll of fear
 t - 3 scrolls of enchant armour
 y - a scroll of revelation {unknown}
Potions
 g - a potion of cancellation
 h - 2 potions of attraction
 j - 2 potions of brilliance
 l - 3 potions of mutation
 m - 3 potions of degeneration
 p - 2 potions of haste {unknown}
 q - 3 potions of curing {@q1}
 A - a potion of ambrosia {unknown}


   Skills:
 - Level 1.2 Fighting
 - Level 2.0 Dodging
 + Level 8.3 Unarmed Combat
 + Level 7.1 Shapeshifting


You had 8 spell levels left.
You didn't know any spells.
Your spell library was empty.

Dungeon Overview and Level Annotations

Branches:
Dungeon (6/15)            Ossuary (visited)
 Temple: D:4-7

Altars:
Hepliaklqana

Shops:
D:3 (   D:5 (


Innate Abilities, Weirdness & Mutations

You are something dangerously unstable.
You glow with magical radiation, making you easy to see and hit.
Foes you strike become dangerously contaminated with magical radiation.
You are incapable of wielding weapons or throwing items.
You have very sharp fingernails.
A demonic guardian rushes to your aid.
Your movements are slightly less encumbered by armour. (ER -2)
Your mind is acute. (Int +4, Str/Dex -1)
You are covered in fur. (AC +1)
Your muscles are strong. (Str +4, Int/Dex -1)


Message History

The wight barely misses you. x2
You scratch the wight but do no damage.
The wight shudders as magic cascades through it!
The wight is severely damaged.
The wight hits you with a +5 hand axe of freezing.
The wight freezes you.
The wight hits you with a +3 dire flail of freezing!
The wight freezes you.
You take 19 damage, and have 31/58 hp.
MASSIVE DAMAGE!!
You are too injured to fight recklessly!
You barely miss the wight.
The wight is severely damaged.
The wight hits you with a +5 hand axe of freezing!
The wight freezes you.
A demonic guardian appears!
The wight closely misses you.
You are too injured to fight recklessly!
You take 9 damage, and have 22/58 hp.
You are too injured to fight recklessly!
You are too injured to fight recklessly!
You claw the wight!
You destroy the wight!
Your life force feels restored.
The wight completely misses you.
Things that are here:
a +5 hand axe of freezing; a +0 robe; a +4 ring of protection You scratch the wight.
The wight glows dangerously bright.
The wight is lightly damaged.
The wight hits you with a +3 dire flail of freezing!
* * * LOW HITPOINT WARNING * * *
You feel drained.
* * * LOW HITPOINT WARNING * * *
The wight freezes you.
* * * LOW HITPOINT WARNING * * *
Your ice devil barely misses the wight.
You take 13 damage, and have 9/57 hp.
MASSIVE DAMAGE!!
You scratch the wight.
The wight shudders as magic cascades through it!
The wight is almost destroyed.
The wight hits you with a +3 dire flail of freezing!
You die...

.#.#...........#
.#.####.#..>...#.# .#.#
#<†#...####.. .#.#
#..#......#.#
(#.###..#......#.#
....##....#.##.#.#
##........#.##.#.#####..
#......#.#.##.#z.......
#....###.#....4B.......
#.#>.....#..))#........
##.#.#...##....#........
.....#...##....#........
...............#########
....##...##...##
....##...######
....###### ....#


You could see a wight (ally target) and a friendly ice devil (summoned).

Vanquished Creatures
  A two-headed ogre (D:5)
  Grinder (D:3)
  A wraith (Ossuary)
  2 ogres (D:4)
  A bullfrog (D:6)
  A scorpion (D:5)
  2 wights (D:6)
  3 killer bees (D:5)
  A jelly (D:4)
  Crazy Yiuf (D:3)
  2 orc priests
  3 hounds
  3 sleepcaps
  Jessica (D:2)
  Ijyb (D:3)
  An iguana (D:5)
  3 orc wizards
  A mummy (Ossuary)
  Robin (D:3)
  3 gnolls
  6 adders
  4 worms
  5 orcs
  6 ball pythons
  2 bats
  8 endoplasms
  2 giant cockroaches
  13 goblins
  12 hobgoblins
  4 jackals (D:3)
  3 quokkas
  3 gnoll skeletons (Ossuary)
  6 kobolds
  5 kobold skeletons (Ossuary)
  17 orc skeletons (Ossuary)
  9 rats
138 creatures vanquished.

Vanquished Creatures (collateral kills)
  A howler monkey (D:6)
  A gnoll (D:2)
  An adder (D:6)
  A shadow imp (D:6)
  An orc (D:4)
  A goblin (D:3)
  2 hobgoblins (D:3)
  A quokka (D:4)
  A ball python (D:3)
  A frilled lizard (D:3)
11 creatures vanquished.

Grand Total: 149 creatures vanquished

Notes
Turn   | Place    | Note
-------+----------+-------------------------------------------
     0 | D:1      | Ofeo the Demonspawn Shapeshifter began the quest for the
                  | Orb.
     0 | D:1      | Reached XP level 1. HP: 15/15 MP: 1/1
   323 | D:1      | Gained mutation: You have sharp fingernails. [demonic
                  | ancestry]
   323 | D:1      | Reached XP level 2. HP: 13/21 MP: 2/2
   825 | D:1      | Found a faded altar of an unknown god.
  1162 | D:2      | Reached skill level 3 in Unarmed Combat
  1414 | D:2      | Gained mutation: A weak demonic guardian rushes to your
                  | aid. [demonic ancestry]
  1414 | D:2      | Reached XP level 3. HP: 26/26 MP: 3/3
  2517 | D:2      | Reached XP level 4. HP: 32/32 MP: 4/4
  2738 | D:2      | Identified the +0 robe of Negation {rPois rCorr Int+2}
  2839 | D:2      | Noticed Jessica
  2846 | D:2      | Killed Jessica
  2943 | D:3      | Noticed Ijyb
  2956 | D:3      | Killed Ijyb
  2957 | D:3      | Reached skill level 4 in Unarmed Combat
  2957 | D:3      | Gained mutation: Your movements are slightly less
                  | encumbered by armour. (ER -2) [demonic ancestry]
  2957 | D:3      | Reached XP level 5. HP: 7/37 MP: 5/5
  2960 | D:3      | Gained mutation: You are covered in fur. (AC +1) [potion of
                  | mutation]
  2960 | D:3      | Gained mutation: Your muscles are strong. (Str +4, Int/Dex
                  | -1) [potion of mutation]
  2960 | D:3      | Gained mutation: Your mind is acute. (Int +4, Str/Dex -1)
                  | [potion of mutation]
  3221 | D:3      | Noticed Robin
  3241 | D:3      | Killed Robin
  3455 | D:3      | Found Ibuluraj's Antique Weapon Emporium.
  3537 | D:3      | Noticed Grinder
  3567 | D:3      | Killed Grinder
  3568 | D:3      | Reached skill level 5 in Unarmed Combat
  3568 | D:3      | Reached XP level 6. HP: 10/43 MP: 6/6
  3957 | D:3      | Found a runed translucent door.
  3958 | D:3      | Noticed Crazy Yiuf
  4125 | D:4      | Found a sand-covered staircase.
  4130 | Ossuary  | Entered an ossuary
  4130 | Ossuary  | Noticed a wraith
  4130 | Ossuary  | Noticed a wraith
  4130 | Ossuary  | Noticed a wraith
  4214 | Ossuary  | Noticed a wraith
  4247 | Ossuary  | Killed a wraith
  4248 | Ossuary  | Gained mutation: A demonic guardian rushes to your aid.
                  | [demonic ancestry]
  4248 | Ossuary  | Reached XP level 7. HP: 4/48 MP: 7/7
  4908 | D:4      | Reached skill level 5 in Shapeshifting
  5079 | D:4      | Reached skill level 6 in Unarmed Combat
  6000 | D:4      | Found a hazy altar of Hepliaklqana.
  6410 | D:3      | Killed Crazy Yiuf
  6411 | D:3      | Reached XP level 8. HP: 54/54 MP: 8/8
  6808 | D:5      | Entered Level 5 of the Dungeon
  6918 | D:5      | Found Duczagh's Firing Range.
  6927 | D:5      | Noticed a two-headed ogre
  6939 | D:5      | Killed a two-headed ogre
  6940 | D:5      | Reached skill level 7 in Unarmed Combat
  7247 | D:5      | Reached skill level 8 in Unarmed Combat
  7536 | D:6      | Gained mutation: You have very sharp fingernails. [demonic
                  | ancestry]
  7536 | D:6      | Reached XP level 9. HP: 39/59 MP: 9/9
  7735 | D:6      | Slain by a wight

Illustrated notes

Levels and vault maps discovered:
D:1:      elethiomel_arrival_infinity_welcomes_careful_drivers,
          layout_loops_ring, shapermc_ecumenical_altar_hornbeckon
D:2:      layout_basic, serial_corexii_hall, corexii_hall_statues_x,
          corexii_hall_statues_u, chequers_hall_statues_wall_a, uniq_jessica
D:3:      layout_rooms, serial_shops, nicolae_shop_overgrown_old_shop,
          minmay_misc_feat_secret_circle, minmay_goblin_outpost, uniq_grinder,
          uniq_ijyb, uniq_crazy_yiuf_cottage, uniq_robin
D:4:      layout_basic, mainiacjoe_overflow_brackets,
          nicolae_ossuary_entry_plus, serial_forest, infiniplex_forest_lined_3,
          infiniplex_forest_lined_2, infiniplex_forest_lined_1,
          infiniplex_forest_lined_2, infiniplex_forest_straight_2,
          infiniplex_forest_straight_2, infiniplex_forest_clump_double,
          infiniplex_forest_zigzag_1, infiniplex_forest_clump_curved,
          infiniplex_forest_clump_curved, minmay_crystal_room,
          grunt_decor_arrowhead, hangedman_decor_push
D:5:      layout_basic, nrook_mini_vaults, nicolae_shop_firing_range
D:6:      layout_basic, minmay_temple_entry_tees

Skill      XL: |  1  2  3  4  5  6  7  8  9 |
---------------+----------------------------+-----
Dodging        | 2 |  2.0
Unarmed Combat | 3 4 5 6 8 |  8.3
Shapeshifting  | 3 4 5 6 7 |  7.1
Fighting       | |  1.2

Action                     |  1- 3 |  4- 6 |  7- 9 || total
---------------------------+-------+-------+-------++-------
  Melee: Unarmed           |    97 |   149 |   167 ||   413
         Punch             |       |     1 |     1 ||     2
   Fire: Longbow           |       |     8 |     3 ||    11
  Evoke: Wand              |       |     4 |     5 ||     9
    Use: Potion            |       |     5 |     1 ||     6
         Scroll            |       |     5 |     8 ||    13
   Stab: Sleeping          |     2 |       |       ||     2
         Invisible         |       |       |     1 ||     1
 Armour: Animal skin       |    10 |    29 |    12 ||    51
         Skin              |       |     4 |       ||     4
         Plate armour      |       |       |    24 ||    24
  Dodge: Dodged            |    57 |    90 |    84 ||   231
   Form: Flux              |       |       |     1 ||     1

Table legend: (Time is in decaauts)
 A = Elapsed time spent in this place.
 B = Non-inter-level travel time spent in this place.
 C = Inter-level travel time spent in this place.
 D = Time resting spent in this place.
 E = Time spent auto-exploring this place.
 F = Levels seen in this place.
 G = Mean time per level.
                   A        B        C        D        E       F      G
               +--------+--------+--------+--------+--------+-----+--------+
         Total |   7727 |   7432 |    295 |   1467 |   4762 |   7 | 1103.9 |
       Dungeon |   7268 |   6973 |    295 |   1245 |   4725 |   6 | 1211.3 |
       Ossuary |    458 |    458 |      0 |    222 |     37 |   1 |  458.0 |
               +--------+--------+--------+--------+--------+-----+--------+

Top non-repeatable levels by time:
     D:4: 1777 daAuts
     D:3: 1630 daAuts
     D:1: 1562 daAuts
     D:2: 1382 daAuts
     D:5: 716 daAuts
 Ossuary: 458 daAuts
     D:6: 199 daAuts
